[ AOE2 MATCH · #505322166 ]
UnrankedBritons vs Vikings
Player's team · LOSS
Rival team · WIN
[ REPLAY ANALYSIS · EXTRACTED FROM THE RECORDED GAME ]
Feudal
8:50
Castle
19:39
Imperial
36:18
| APM avg | 129.6 |
| APM peak | 269 |
| eAPM avg | 71.2 |
| Villagers / military | 229 / 61 |
Focus
⚔️ 66.2% · 🌾 33.8%
Archer ×34 · Mangonel ×8 · Monk ×6 · Trebuchet (Packed) ×5 · Militia ×3 · Longbowman ×2
Feudal
8:27
Castle
19:16
Imperial
32:28
| APM avg | 75.6 |
| APM peak | 136 |
| eAPM avg | 36.8 |
| Villagers / military | 198 / 171 |
Focus
⚔️ 54.0% · 🌾 46.0%
Skirmisher ×145 · Trebuchet (Packed) ×9 · Knight ×4 · Berserk ×4 · Monk ×3 · Scout Cavalry ×3
Match map
Initial resources + every placement click. Lines = walls · curves = elevation contours. ◆ gold · ⬟ stone · ● berries · ✦ relic · ◌ wall gap
Your base· Open — unwalled flank
NicoDA's base· Open — unwalled flank
Smoothed initial terrain · ◌ = detected wall gap · hover for details
Inputs per minute
— blytz - - NicoDA
Build order — blytz
First 150 of 446 actions detected
| 0:00 | Create | Villager (Male) |
| 0:00 | Create | Villager (Male) |
| 0:01 | Build | House |
| 0:02 | Build | House |
| 0:05 | Create | Villager (Male) |
| 0:15 | Create | Villager (Male) |
| 1:19 | Create | Villager (Male) |
| 1:43 | Create | Villager (Male) |
| 1:51 | Build | Lumber Camp |
| 2:02 | Create | Villager (Male) |
| 2:02 | Create | Villager (Male) |
| 2:26 | Create | Villager (Male) |
| 2:54 | Create | Villager (Male) |
| 3:31 | Create | Villager (Male) |
| 3:51 | Build | House |
| 3:53 | Create | Villager (Male) |
| 4:07 | Create | Villager (Male) |
| 4:26 | Create | Villager (Male) |
| 4:40 | Create | Villager (Male) |
| 4:44 | Create | Villager (Male) |
| 5:08 | Build | Barracks |
| 5:13 | Build | House |
| 5:27 | Create | Villager (Male) |
| 5:31 | Create | Villager (Male) |
| 5:44 | Create | Villager (Male) |
| 6:00 | Research | Loom |
| 6:01 | Research | Loom |
| 6:03 | Create | Villager (Male) |
| 6:05 | Create | Villager (Male) |
| 6:09 | Create | Villager (Male) |
| 6:14 | Create | Villager (Male) |
| 6:25 | Create | Villager (Male) |
| 6:40 | Research | Feudal Age |
| 6:49 | Create | Villager (Male) |
| 6:53 | Build | Mining Camp |
| 7:02 | Create | Militia |
| 7:21 | Create | Militia |
| 7:30 | Build | House |
| 7:46 | Create | Militia |
| 7:54 | Build | Mill |
| 8:14 | Create | Villager (Male) |
| 8:39 | Create | Villager (Male) |
| 8:50 | Age | Feudal Age |
| 8:56 | Research | Man-at-Arms (upgrade) |
| 8:56 | Research | Man-at-Arms (upgrade) |
| 9:29 | Create | Villager (Male) |
| 9:41 | Create | Villager (Male) |
| 9:43 | Create | Villager (Male) |
| 9:44 | Build | Farm |
| 9:46 | Build | Archery Range |
| 10:02 | Create | Villager (Male) |
| 10:05 | Create | Spearman |
| 10:17 | Create | Villager (Male) |
| 10:25 | Build | Farm |
| 10:26 | Create | Villager (Male) |
| 10:29 | Build | House |
| 10:38 | Create | Archer |
| 10:40 | Build | Farm |
| 10:40 | Create | Villager (Male) |
| 11:03 | Create | Villager (Male) |
| 11:05 | Build | Farm |
| 11:08 | Create | Archer |
| 11:20 | Create | Villager (Male) |
| 11:22 | Build | Farm |
| 11:32 | Create | Villager (Male) |
| 11:43 | Create | Villager (Male) |
| 11:44 | Build | Palisade Wall |
| 11:47 | Build | House |
| 11:48 | Build | Palisade Wall |
| 11:48 | Build | Palisade Wall |
| 11:53 | Create | Villager (Male) |
| 11:54 | Create | Villager (Male) |
| 11:54 | Create | Villager (Male) |
| 11:57 | Build | Palisade Wall |
| 12:01 | Create | Villager (Male) |
| 12:02 | Create | Archer |
| 12:05 | Create | Villager (Male) |
| 12:05 | Create | Villager (Male) |
| 12:06 | Create | Villager (Male) |
| 12:09 | Build | Palisade Wall |
| 12:10 | Create | Villager (Male) |
| 12:18 | Create | Villager (Male) |
| 12:37 | Create | Villager (Male) |
| 12:39 | Create | Villager (Male) |
| 12:43 | Create | Archer |
| 12:44 | Create | Villager (Male) |
| 12:44 | Create | Villager (Male) |
| 12:44 | Create | Villager (Male) |
| 12:47 | Build | Palisade Wall |
| 12:49 | Create | Villager (Male) |
| 12:54 | Build | House |
| 12:57 | Create | Villager (Male) |
| 12:58 | Build | Farm |
| 13:09 | Build | Farm |
| 13:14 | Create | Villager (Male) |
| 13:15 | Create | Villager (Male) |
| 13:15 | Create | Villager (Male) |
| 13:19 | Create | Villager (Male) |
| 13:34 | Create | Villager (Male) |
| 13:34 | Create | Villager (Male) |
| 13:37 | Build | Farm |
| 13:41 | Research | Double-Bit Axe |
| 13:41 | Create | Villager (Male) |
| 13:42 | Create | Villager (Male) |
| 13:42 | Create | Villager (Male) |
| 13:54 | Create | Villager (Male) |
| 14:00 | Build | House |
| 14:04 | Build | Farm |
| 14:06 | Create | Archer |
| 14:07 | Create | Villager (Male) |
| 14:09 | Create | Villager (Male) |
| 14:09 | Create | Villager (Male) |
| 14:15 | Create | Villager (Male) |
| 14:17 | Build | Farm |
| 14:22 | Create | Villager (Male) |
| 14:23 | Create | Villager (Male) |
| 14:23 | Create | Villager (Male) |
| 14:25 | Create | Villager (Male) |
| 14:29 | Build | House |
| 14:31 | Create | Villager (Male) |
| 14:34 | Create | Archer |
| 14:35 | Create | Villager (Male) |
| 14:40 | Create | Villager (Male) |
| 14:59 | Build | Blacksmith |
| 15:01 | Create | Archer |
| 15:03 | Create | Villager (Male) |
| 15:10 | Create | Villager (Male) |
| 15:21 | Build | Farm |
| 15:22 | Create | Villager (Male) |
| 15:27 | Build | House |
| 15:36 | Create | Villager (Male) |
| 16:00 | Create | Archer |
| 16:26 | Create | Villager (Male) |
| 16:29 | Create | Archer |
| 16:37 | Build | Farm |
| 16:59 | Research | Castle Age |
| 16:59 | Research | Castle Age |
| 17:24 | Build | Stable |
| 17:33 | Research | Fletching |
| 17:33 | Research | Fletching |
| 17:34 | Create | Archer |
| 17:35 | Create | Villager (Male) |
| 18:04 | Create | Scout Cavalry |
| 18:09 | Create | Archer |
| 18:13 | Research | Horse Collar |
| 18:13 | Research | Horse Collar |
| 18:17 | Create | Villager (Male) |
| 18:34 | Create | Villager (Male) |
| 18:46 | Create | Villager (Male) |
| 18:50 | Build | Palisade Gate |
Build order — NicoDA
First 150 of 469 actions detected
| 0:01 | Create | Villager (Male) |
| 0:01 | Create | Villager (Male) |
| 0:01 | Create | Villager (Male) |
| 0:02 | Build | House |
| 0:03 | Build | House |
| 0:17 | Create | Villager (Male) |
| 1:30 | Create | Villager (Male) |
| 1:45 | Build | Lumber Camp |
| 1:55 | Create | Villager (Male) |
| 1:55 | Create | Villager (Male) |
| 2:23 | Create | Villager (Male) |
| 2:45 | Create | Villager (Male) |
| 2:45 | Create | Villager (Male) |
| 3:14 | Create | Villager (Male) |
| 3:14 | Create | Villager (Male) |
| 3:14 | Create | Villager (Male) |
| 3:48 | Build | House |
| 3:57 | Create | Villager (Male) |
| 4:16 | Create | Villager (Male) |
| 4:22 | Build | Mill |
| 4:34 | Create | Villager (Male) |
| 4:34 | Create | Villager (Male) |
| 4:50 | Create | Villager (Male) |
| 5:24 | Create | Villager (Male) |
| 6:17 | Research | Feudal Age |
| 6:18 | Research | Feudal Age |
| 6:19 | Research | Loom |
| 6:51 | Create | Villager (Male) |
| 7:00 | Build | House |
| 7:05 | Create | Villager (Male) |
| 7:14 | Create | Villager (Male) |
| 7:38 | Build | Barracks |
| 7:42 | Build | Palisade Wall |
| 7:52 | Create | Villager (Male) |
| 8:05 | Create | Villager (Male) |
| 8:13 | Create | Villager (Male) |
| 8:27 | Age | Feudal Age |
| 8:38 | Build | Stable |
| 8:43 | Create | Villager (Male) |
| 8:54 | Create | Villager (Male) |
| 8:56 | Research | Double-Bit Axe |
| 9:35 | Create | Scout Cavalry |
| 9:35 | Create | Scout Cavalry |
| 9:43 | Build | Farm |
| 9:43 | Build | Farm |
| 9:45 | Create | Villager (Male) |
| 10:01 | Create | Scout Cavalry |
| 10:02 | Build | Farm |
| 10:11 | Build | House |
| 10:22 | Create | Villager (Male) |
| 10:24 | Build | Farm |
| 10:56 | Create | Villager (Male) |
| 10:56 | Create | Villager (Male) |
| 11:07 | Create | Villager (Male) |
| 11:09 | Build | Archery Range |
| 11:36 | Build | Farm |
| 11:37 | Build | Farm |
| 11:42 | Create | Villager (Male) |
| 11:53 | Create | Villager (Male) |
| 11:54 | Create | Villager (Male) |
| 11:56 | Build | House |
| 11:57 | Create | Skirmisher |
| 12:11 | Build | House |
| 12:44 | Create | Skirmisher |
| 12:45 | Create | Skirmisher |
| 12:46 | Build | Farm |
| 12:52 | Build | Farm |
| 12:53 | Build | House |
| 12:53 | Create | Skirmisher |
| 12:59 | Create | Skirmisher |
| 12:59 | Create | Skirmisher |
| 13:02 | Create | Villager (Male) |
| 13:10 | Create | Skirmisher |
| 13:16 | Build | Farm |
| 13:17 | Create | Villager (Male) |
| 13:20 | Create | Skirmisher |
| 13:21 | Build | Farm |
| 13:25 | Build | House |
| 13:28 | Research | Horse Collar |
| 13:32 | Create | Villager (Male) |
| 13:40 | Create | Villager (Male) |
| 13:42 | Build | Farm |
| 13:48 | Create | Villager (Male) |
| 13:53 | Create | Skirmisher |
| 13:57 | Build | House |
| 14:02 | Create | Skirmisher |
| 14:07 | Build | Farm |
| 14:25 | Create | Villager (Male) |
| 14:32 | Build | Mining Camp |
| 14:39 | Create | Villager (Male) |
| 14:48 | Create | Villager (Male) |
| 14:50 | Create | Skirmisher |
| 14:50 | Create | Skirmisher |
| 14:52 | Build | House |
| 15:03 | Create | Skirmisher |
| 15:06 | Create | Villager (Male) |
| 15:08 | Create | Skirmisher |
| 15:25 | Build | House |
| 15:28 | Build | Palisade Wall |
| 15:50 | Create | Villager (Male) |
| 15:54 | Build | House |
| 16:07 | Build | House |
| 16:27 | Create | Villager (Male) |
| 16:36 | Research | Castle Age |
| 16:36 | Research | Castle Age |
| 16:36 | Research | Castle Age |
| 16:43 | Create | Villager (Male) |
| 16:52 | Build | Lumber Camp |
| 16:56 | Create | Skirmisher |
| 16:56 | Create | Skirmisher |
| 17:03 | Build | Blacksmith |
| 17:06 | Create | Skirmisher |
| 17:06 | Create | Skirmisher |
| 17:14 | Build | Palisade Wall |
| 17:39 | Create | Skirmisher |
| 17:47 | Create | Skirmisher |
| 17:49 | Research | Fletching |
| 17:49 | Research | Padded Archer Armor |
| 17:49 | Research | Padded Archer Armor |
| 17:51 | Create | Villager (Male) |
| 17:58 | Build | Archery Range |
| 18:01 | Build | Palisade Wall |
| 18:13 | Create | Skirmisher |
| 18:13 | Create | Skirmisher |
| 18:23 | Research | Gold Mining |
| 18:23 | Research | Gold Mining |
| 18:23 | Research | Gold Mining |
| 18:26 | Build | Palisade Wall |
| 18:35 | Create | Skirmisher |
| 18:36 | Create | Skirmisher |
| 18:49 | Create | Skirmisher |
| 18:56 | Build | Palisade Wall |
| 18:58 | Create | Skirmisher |
| 18:58 | Create | Skirmisher |
| 19:04 | Create | Skirmisher |
| 19:04 | Create | Skirmisher |
| 19:16 | Age | Castle Age |
| 19:18 | Research | Crossbowman (upgrade) |
| 19:19 | Research | Elite Skirmisher (upgrade) |
| 19:19 | Research | Elite Skirmisher (upgrade) |
| 19:22 | Research | Bodkin Arrow |
| 19:23 | Create | Villager (Male) |
| 19:26 | Create | Villager (Male) |
| 19:28 | Build | University |
| 19:39 | Create | Villager (Male) |
| 19:56 | Build | Palisade Wall |
| 20:08 | Create | Villager (Male) |
| 20:10 | Build | House |
| 20:11 | Build | Palisade Wall |
| 20:23 | Create | Villager (Male) |
Match timeline
| 5:08 | blytz · first_building Barracks |
| 7:38 | NicoDA · first_building Barracks |
| 7:42 | NicoDA · wall_segment Palisade Wall x1 |
| 8:27 | NicoDA · age_up feudal |
| 8:38 | NicoDA · first_building Stable |
| 8:50 | blytz · age_up feudal |
| 9:46 | blytz · first_building Archery Range |
| 11:09 | NicoDA · first_building Archery Range |
| 11:44 | blytz · wall_segment Palisade Wall x1 |
| 11:48 | blytz · wall_segment Palisade Wall x2 |
| 11:48 | blytz · wall_segment Palisade Wall x2 |
| 11:57 | blytz · wall_segment Palisade Wall x9 |
| 12:09 | blytz · wall_segment Palisade Wall x4 |
| 12:47 | blytz · wall_segment Palisade Wall x11 |
| 15:28 | NicoDA · wall_segment Palisade Wall x8 |
| 17:14 | NicoDA · wall_segment Palisade Wall x10 |
| 17:24 | blytz · first_building Stable |
| 18:01 | NicoDA · wall_segment Palisade Wall x1 |
| 18:26 | NicoDA · wall_segment Palisade Wall x5 |
| 18:56 | NicoDA · wall_segment Palisade Wall x6 |
| 19:16 | NicoDA · age_up castle |
| 19:39 | blytz · age_up castle |
| 19:53 | blytz · first_building Siege Workshop |
| 19:56 | NicoDA · wall_segment Palisade Wall x1 |
| 20:11 | NicoDA · wall_segment Palisade Wall x1 |
| 21:21 | NicoDA · wall_segment Palisade Wall x1 |
| 24:08 | NicoDA · first_building Monastery |
| 25:24 | blytz · first_building Monastery |
| 30:01 | NicoDA · first_building Castle |
| 31:20 | blytz · first_building Castle |
| 32:07 | NicoDA · first_market_buy 100 stone |
| 32:28 | NicoDA · age_up imperial |
| 33:04 | blytz · first_market_sell 100 wood |
| 33:06 | NicoDA · first_market_sell 100 food |
| 36:18 | blytz · age_up imperial |
| 36:32 | blytz · first_market_buy 100 wood |
| 38:30 | blytz · resign |
[ AI ANALYSIS · 1 CREDIT ]
What really happened in this match?
Wolo.gg analyzes every decision: build order, eco, micro, common mistakes by bracket. Personalized analysis on WhatsApp or Discord in 30 seconds.
Civ guide
Britons
Perfil
Jugador #21516070